 Dungeon Crawl Stone Soup version 0.22-a0-596-gfbd32a6 (webtiles) character file.

55732 tsouns the Thaumaturge (level 14, -7/72 HPs)
             Began as a Spriggan Fire Elementalist on July 4, 2018.
             Was a High Priest of Vehumet.
             Splashed by an oklob plant's acid (9 damage)
             ... on level 6 of the Lair of Beasts on July 5, 2018.
             The game lasted 01:31:07 (22922 turns).

tsouns the Thaumaturge (SpFE)                      Turns: 22922, Time: 01:31:07

Health: -7/72      AC:  7    Str:  4    XL:     14   Next: 39%
Magic:  27/33      EV: 27    Int: 27    God:    Vehumet [*****.]
Gold:   886        SH:  0    Dex: 19    Spells: 8/42 levels left

rFire    . . .     SeeInvis +   Q - +5 pair of quick blades "Gyre" and "Gimble" {pierce, Dex-3}
rCold    + + .     Gourm    .   (shield currently unavailable)
rNeg     . . .     Faith    +   A - +2 robe {Archmagi}
rPois    .         Spirit   .   (helmet restricted)
rElec    .         Reflect  .   v - +2 cloak
rCorr    .         Harm     .   (gloves unavailable)
MR       +....                  (boots unavailable)
Stlth    +++++.....             r - amulet of faith
HPRegen  0.22/turn              X - ring "Hasime" {rC+ MR- Int+6 Dex+5}
MPRegen  0.23/turn              w - ring of protection from cold

@: very quick
A: very small, unfitting armour, see invisible, herbivore, speed 3, slow
metabolism 2
a: Renounce Religion


You were on level 6 of the Lair of Beasts.
You worshipped Vehumet.
Vehumet was extremely pleased with you.
You were not hungry.

You visited 3 branches of the dungeon, and saw 18 of its levels.
You also visited: Labyrinth and Ice Cave.

You collected 1126 gold pieces.
You spent 240 gold pieces at shops.

Inventory:

Hand Weapons
 s - a +2 trident of venom
 y - the +4 flail of Ecus {flame, Str+3}
   (You took it off an orc on level 6 of the Dungeon)

   It has been specially enchanted to burn those struck by it, causing extra
   injury to most foes and up to half again as much damage against particularly
   susceptible opponents.
   It affects your strength (+3).
 E - a +4 blowgun
 Q - the +5 pair of quick blades "Gyre" and "Gimble" (weapon) {pierce, Dex-3}
   (You found it in an ice cave)

   It inflicts extra damage upon your enemies.
   It affects your dexterity (-3).
Missiles
 e - 432 stones (quivered)
 m - 2 curare-tipped needles
 t - 7 throwing nets
Armour
 v - a +2 cloak (worn)
 A - a +2 robe of the Archmagi (worn)
Magical Staves
 x - an uncursed staff of earth
 S - an uncursed staff of death
 U - an uncursed staff of cold
Jewellery
 r - an amulet of faith (around neck)
 w - a ring of protection from cold (right hand)
 X - the ring "Hasime" (left hand) {rC+ MR- Int+6 Dex+5}
   (You found it on level 3 of the Lair of Beasts)

   [ring of protection from cold]

   It affects your intelligence (+6).
   It affects your dexterity (+5).
   It protects you from cold.
   It affects your resistance to hostile enchantments.
Wands
 d - a wand of flame (25)
 D - a wand of scattershot (9)
 G - a wand of disintegration (18)
 O - a wand of enslavement (30)
 W - a wand of digging (7)
 Y - a wand of polymorph (8)
Scrolls
 b - a scroll of summoning
 g - 4 scrolls of amnesia
 i - 3 scrolls of blinking
 p - 3 scrolls of fog
 q - 13 scrolls of teleportation
 C - 3 scrolls of enchant weapon
 F - 3 scrolls of immolation
 I - 3 scrolls of fear
 L - 2 scrolls of vulnerability
 N - a scroll of holy word
 P - 3 scrolls of enchant armour
 R - 6 scrolls of remove curse
 V - 3 scrolls of identify
Potions
 a - a potion of invisibility
 f - 6 potions of heal wounds
 h - 3 potions of haste
 j - 2 potions of cancellation
 k - 6 potions of curing
 l - 7 potions of might
 n - 2 potions of flight
 o - a potion of brilliance
 u - 3 potions of agility
 z - 2 potions of ambrosia
 B - 2 potions of berserk rage
 H - a potion of lignification
 J - a potion of resistance
 K - a potion of magic
 Z - a potion of mutation
Miscellaneous
 M - a phial of floods
 T - a phantom mirror
Comestibles
 c - 26 rations


   Skills:
 + Level 7.1 Fighting
 - Level 3.8 Short Blades
 - Level 10.0 Dodging
 - Level 9.9 Stealth
 * Level 14.8 Spellcasting
 + Level 9.6 Conjurations
 + Level 4.0 Summonings
 + Level 10.2 Fire Magic
 - Level 5.9 Evocations


You had 8 spell levels left.
You knew the following spells:

 Your Spells              Type           Power        Failure   Level  Hunger
a - Flame Tongue          Conj/Fire      #####        1%          1    None
b - Throw Flame           Conj/Fire      ######       1%          2    None
c - Conjure Flame         Conj/Fire      #######.     1%          3    None
d - Sticky Flame          Conj/Fire      #######.     1%          4    None
e - Fireball              Conj/Fire      #######...   1%          5    None
f - Iskenderun's Mystic   Conj           #######.     1%          4    None
g - Bolt of Magma         Conj/Fire/Erth ######....   1%          5    None
h - Inner Flame           Hex/Fire       ######..     1%          3    None
i - Spellforged Servitor  Conj/Summ      ######....   32%         7    #####..

Your spell library contained the following spells:

 Spells                   Type           Power        Failure   Level  Hunger
 Cause Fear               Hex            ####......   26%         4    None
 Magic Dart               Conj           ####         1%          1    None
 Apportation              Tloc           ####..       2%          1    None
 Lightning Bolt           Conj/Air       ######....   2%          5    None
 Invisibility             Hex            ####....     99%         6    ####...
 Summon Small Mammal      Summ           ####         1%          1    None
 Summon Ice Beast         Ice/Summ       #####...     12%         4    None
 Call Imp                 Summ           ######..     1%          2    None
 Tukima's Dance           Hex            ####....     8%          3    None
 Shock                    Conj/Air       ####         1%          1    None
 Swiftness                Chrm/Air       ####....     4%          2    None
 Statue Form              Tmut/Erth      ####.....    99%         6    ####...
 Deflect Missiles         Chrm/Air       ####......   99%         6    ####...
 Airstrike                Air            ####......   7%          4    None
 Passwall                 Tmut/Erth      ####....     4%          2    None
 Call Canine Familiar     Summ           ######..     1%          3    None
 Summon Butterflies       Summ           ######..     1%          1    None
 Silence                  Hex/Air        ####......   58%         5    None
 Static Discharge         Conj/Air       ######..     1%          3    None
 Corona                   Hex            ####...      2%          1    None
 Alistair's Intoxication  Tmut/Pois      ####....     58%         5    None
 Sandblast                Erth           ####..       1%          1    None
 Fulminant Prism          Conj/Hex       ######....   1%          4    None
 Dazzling Spray           Conj/Hex       ######       1%          3    None
 Force Lance              Conj/Tloc      ######..     1%          4    None
 Spectral Weapon          Hex/Chrm       ####....     8%          3    None
 Searing Ray              Conj           ######       1%          2    None
 Discord                  Hex            ####......   100%        8    #######
 Summon Lightning Spire   Summ/Air       #####...     12%         4    None
 Summon Guardian Golem    Hex/Summ       #####...     3%          3    None
 Irradiate                Conj/Tmut      ######....   2%          5    None
 Yara's Violent Unravell  Hex/Tmut       ####......   19%         5    None
 Lesser Beckoning         Tloc           ####......   8%          3    None
 Borgnjor's Vile Clutch   Necr/Erth      ####......   58%         5    None


Dungeon Overview and Level Annotations

Branches:
Dungeon (11/15)            Temple (1/1) D:5            Lair (6/6) D:11
 Shoals (0/4) Lair:4       Spider (0/4) Lair:4        Slime (0/5) Lair:5
    Orc: D:9-12

Altars:
Ashenzari
Cheibriados
Dithmenos
Elyvilon
Hepliaklqana
Makhleb
Nemelex Xobeh
Okawaru
Qazlal
Sif Muna
Trog
Uskayaw
Vehumet
Wu Jian
Xom
Yredelemnul
Zin
The Shining One

Shops:
D:8 ?   D:11 (

Annotations:
Lair:6 exclusion: oklob plant, Nessos


Innate Abilities, Weirdness & Mutations

You are very small and have problems with some larger weapons.
You are too small for most types of armour.
You have supernaturally acute eyesight. (SInv)
You are a herbivore.
You cover ground extremely quickly.
You need to consume almost no food.


Message History

You hear a croak. x2
The five-headed hydra burns!
The five-headed hydra bites you! x2
* * * LOW HITPOINT WARNING * * *
The five-headed hydra closely misses you.
The five-headed hydra bites you!
* * * LOW HITPOINT WARNING * * *
The five-headed hydra misses you.
The five-headed hydra burns!
The five-headed hydra burns!
The five-headed hydra burns!
The five-headed hydra burns!
Marking area around the oklob plant as unsafe for travelling.
An oklob plant comes into view.
The five-headed hydra burns!
The five-headed hydra burns!
The oklob plant spits acid at you. The splash of acid hits you!
* * * LOW HITPOINT WARNING * * *
You are splashed with acid!
The acid burns!
You die...

##.#.PP.....P...##....
......................
.....................
#......#F.#........ ..
##.......#...###... ..+
#....D###..## ######....P##.....#
....# #P...P...P........##....#
#.P....)..+.....@..##....
#...#......#......###...#.#...
#...#.............###....##...#
.#..#.P...P#.......#.....##...###
....#...#.##........#PP#.......#P
...P.#..P..#.......##....#.......
....................#............
............................w..†.
.................................


You could see a five-headed hydra (burning), an oklob plant and a blink frog.

Vanquished Creatures
  A minotaur (Lab)
  Harold (Lair:2)
  Erolcha (D:9)
  7 hydras
  Erica (D:10)
  5 two-headed ogres
  6 death yaks (Lair:5)
  2 unseen horrors (D:10)
  Pikel (D:8)
  5 oklob plants
  2 necromancers
  An orb spider (Lair:4)
  A manticore (Lair:4)
  5 black mambas
  Joseph (D:8)
  3 ice statues (IceCv)
  A torpor snail (Lair:6)
  11 spiny frogs
  10 komodo dragons
  A rime drake (Lair:5)
  7 ice devils
  A queen bee (D:11)
  3 trolls
  Grinder (D:5)
  2 hornets (D:11)
  5 hippogriffs
  12 blink frogs
  A spriggan (D:9)
  A wyvern (D:11)
  A shadow (D:10)
  58 yaks
  A basilisk (Lair:6)
  Menkaure (D:6)
  A steam dragon (D:9)
  2 hungry ghosts
  15 water moccasins
  A soldier ant (D:11)
  2 hell hounds (D:11)
  6 porcupines
  An orc warrior (D:5)
  2 necrophages (D:10)
  2 ice beasts
  3 sky beasts
  A black bear (D:8)
  A phantom (D:5)
  2 elephant zombies (Lair:3)
  4 ogres
  4 centaurs
  7 crocodiles
  8 wolves
  22 bullfrogs
  3 big kobolds
  A wyvern skeleton (D:7)
  5 scorpions
  27 killer bees
  5 wights (D:11)
  An electric eel (Lair:3)
  2 bullfrog zombies
  A howler monkey (D:8)
  3 crimson imps
  5 draconian simulacra (IceCv)
  2 quasits
  A basilisk zombie (Lair:3)
  6 jellies
  10 orc priests
  5 hounds
  11 orc wizards
  2 bullfrog skeletons (D:9)
  5 iguanas
  4 hell rats (Lair:3)
  10 worker ants
  A killer bee zombie (D:8)
  A troll simulacrum (IceCv)
  2 centaur simulacra (IceCv)
  A hound skeleton (D:4)
  A hound zombie (D:10)
  11 gnolls
  A howler monkey skeleton (D:11)
  2 naga simulacra (IceCv)
  12 adders
  3 shadow imps
  6 oozes
  2 adder skeletons
  4 worms
  4 dart slugs
  6 leopard geckos
  25 orcs
  2 ball pythons
  6 giant cockroaches
  6 goblins
  10 hobgoblins
  10 quokkas
  6 bats
  5 frilled lizards
  A giant cockroach zombie (D:6)
  12 kobolds
  A quokka skeleton (D:7)
  6 rats
  A fungus (Lair:5)
  2 plants
503 creatures vanquished.

Vanquished Creatures (collateral kills)
  An ice devil (Lair:1)
1 creature vanquished.

Vanquished Creatures (others)
  A sky beast (D:10)
  2 slaves (D:8)
  18 fungi
  3 plants
  10 toadstools (D:6)
34 creatures vanquished.

Grand Total: 538 creatures vanquished

Notes
Turn   | Place    | Note
-------+----------+-------------------------------------------
     0 | D:1      | tsouns the Spriggan Fire Elementalist began the quest for the Orb.
     0 | D:1      | Reached XP level 1. HP: 9/9 MP: 5/5
   223 | D:1      | Reached XP level 2. HP: 5/13 MP: 4/6
   423 | D:1      | Reached skill level 3 in Spellcasting
   423 | D:1      | Reached skill level 1 in Conjurations
   904 | D:1      | Reached XP level 3. HP: 14/16 MP: 4/8
  1275 | D:2      | Learned a level 2 spell: Throw Flame
  1279 | D:2      | Learned a level 3 spell: Conjure Flame
  1322 | D:2      | Found a shadowy altar of Dithmenos.
  1549 | D:2      | Reached XP level 4. HP: 21/21 MP: 0/10
  1895 | D:2      | Reached XP level 5. HP: 24/24 MP: 1/11
  2007 | D:2      | Learned a level 4 spell: Sticky Flame
  2251 | D:3      | Reached skill level 4 in Spellcasting
  2516 | D:3      | Reached skill level 5 in Stealth
  2628 | D:3      | Reached XP level 6. HP: 17/28 MP: 0/13
  2989 | D:4      | Reached skill level 5 in Dodging
  3835 | D:5      | Entered Level 5 of the Dungeon
  3845 | D:5      | Reached XP level 7. HP: 32/32 MP: 6/15
  3899 | D:5      | Noticed a two-headed ogre
  3976 | D:5      | Killed a two-headed ogre
  3976 | D:5      | Reached skill level 6 in Spellcasting
  3976 | D:5      | Reached XP level 8. HP: 39/39 MP: 2/18
  4110 | D:5      | Found a staircase to the Ecumenical Temple.
  4235 | Temple   | Entered the Ecumenical Temple
  4274 | Temple   | Became a worshipper of Vehumet
  4789 | D:5      | Noticed Grinder
  4894 | D:6      | Reached skill level 5 in Fire Magic
  4920 | D:5      | Reached skill level 7 in Spellcasting
  5197 | D:6      | Reached * piety under Vehumet
  5197 | D:6      | Offered knowledge of Freeze by Vehumet.
  5327 | D:6      | Reached XP level 9. HP: 42/45 MP: 8/20
  5652 | D:5      | Killed Grinder
  6504 | D:6      | Got a twisted flail {flame}
  6507 | D:6      | Identified the +4 flail of Ecus {flame, Str+3} (You took it off an orc on level 6 of the Dungeon)
  6533 | D:6      | Reached ** piety under Vehumet
  6583 | D:6      | Reached skill level 8 in Spellcasting
  6765 | D:6      | Learned a level 5 spell: Fireball
  6785 | D:6      | Offered knowledge of Sandblast by Vehumet.
  7064 | D:6      | Noticed Menkaure
  7195 | D:6      | Killed Menkaure
  7470 | D:7      | Reached skill level 5 in Conjurations
  7511 | D:7      | Offered knowledge of Throw Frost by Vehumet.
  7851 | D:7      | Reached *** piety under Vehumet
  8352 | D:8      | Identified Xenwy's Guide on Arcane Weapons and Malediction
  8359 | D:8      | Learned a level 4 spell: Iskenderun's Mystic Blast
  8365 | D:8      | Noticed Pikel
  8459 | D:8      | Reached skill level 5 in Fighting
  8505 | D:8      | Found Tanug's Magic Scroll Emporium.
  8511 | D:8      | Bought a scroll of blinking for 75 gold pieces
  8511 | D:8      | Bought a scroll of identify for 20 gold pieces
  8511 | D:8      | Bought a scroll of blinking for 75 gold pieces
  8511 | D:8      | Bought a scroll of identify for 20 gold pieces
  8511 | D:8      | Bought a scroll of identify for 20 gold pieces
  8511 | D:8      | Bought a scroll of remove curse for 30 gold pieces
  8530 | D:8      | Offered knowledge of Throw Icicle by Vehumet.
  8689 | D:8      | Noticed Joseph
  8964 | D:8      | Killed Pikel
  8964 | D:8      | Reached skill level 9 in Spellcasting
  8964 | D:8      | Reached XP level 10. HP: 41/51 MP: 11/24
  9224 | D:8      | Killed Joseph
  9439 | D:8      | Noticed a two-headed ogre
  9454 | D:8      | Found a burning altar of Makhleb.
  9675 | D:8      | Reached **** piety under Vehumet
  9750 | D:8      | Found an ornate altar of the Wu Jian Council.
 10057 | D:9      | Found a shimmering altar of Xom.
 10236 | D:9      | Noticed Erolcha
 10241 | D:9      | Killed Erolcha
 10428 | D:9      | Reached skill level 10 in Spellcasting
 10459 | D:9      | Noticed a two-headed ogre
 10474 | D:9      | Killed a two-headed ogre
 10474 | D:9      | Offered knowledge of Ignite Poison by Vehumet.
 10486 | D:9      | Found a sparkling altar of Nemelex Xobeh.
 10521 | D:9      | Found a basalt altar of Yredelemnul.
 10656 | D:9      | Found a hazy altar of Hepliaklqana.
 10705 | D:10     | Entered Level 10 of the Dungeon
 10710 | D:10     | Reached XP level 11. HP: 56/56 MP: 7/26
 10712 | D:10     | Noticed Erica
 10841 | D:10     | Noticed a two-headed ogre
 11086 | D:10     | Noticed an unseen horror
 11189 | D:10     | Noticed an unseen horror
 11201 | D:10     | Killed an unseen horror
 11206 | D:10     | Killed an unseen horror
 11398 | D:10     | Killed Erica
 11398 | D:10     | Reached skill level 11 in Spellcasting
 11623 | D:10     | Reached ***** piety under Vehumet
 11623 | D:10     | Offered knowledge of Bolt of Magma by Vehumet.
 11637 | D:10     | Learned a level 5 spell: Bolt of Magma
 11930 | D:10     | Noticed a two-headed ogre
 11938 | D:10     | Killed a two-headed ogre
 12073 | D:10     | Killed a two-headed ogre
 12461 | D:11     | Reached skill level 10 in Dodging
 12631 | D:11     | Learned a level 3 spell: Inner Flame
 12667 | D:11     | Found Qyzenus's Weapon Emporium.
 12831 | D:11     | Reached XP level 12. HP: 32/60 MP: 1/28
 13102 | D:11     | Noticed a two-headed ogre
 13116 | D:11     | Killed a two-headed ogre
 13116 | D:11     | Reached skill level 1 in Evocations
 13400 | D:11     | Found a staircase to the Lair.
 13419 | D:11     | Reached skill level 12 in Spellcasting
 13973 | Lair:1   | Entered Level 1 of the Lair of Beasts
 14034 | Lair:1   | Found a labyrinth entrance.
 14043 | Lair:1   | Noticed a four-headed hydra
 14046 | Lab      | Entered a labyrinth
 14383 | Lab      | Noticed a minotaur
 14390 | Lab      | Killed a minotaur
 14408 | Lab      | Identified the Incunabulum of Ashen Bewitchment
 14411 | Lab      | Identified the Compendium of Clay
 14465 | Lair:1   | Found a frozen archway.
 14642 | IceCv    | Entered an ice cave
 15627 | IceCv    | Offered knowledge of Conjure Ball Lightning by Vehumet.
 15689 | IceCv    | Reached skill level 5 in Evocations
 15701 | IceCv    | Found the +5 pair of quick blades "Gyre" and "Gimble" {pierce, Dex-3}
 15981 | Lair:1   | Killed a four-headed hydra
 16213 | Lair:1   | Reached XP level 13. HP: 51/65 MP: 10/30
 16355 | Lair:1   | Reached skill level 1 in Short Blades
 16900 | Lair:2   | Found an iron altar of Okawaru.
 17329 | Lair:2   | Reached skill level 13 in Spellcasting
 17611 | Lair:2   | Noticed Harold
 17624 | Lair:2   | Killed Harold
 18499 | Lair:3   | Got a slimy tin ring
 18502 | Lair:3   | Identified the ring "Hasime" {rC+ MR- Int+6 Dex+5} (You found it on level 3 of the Lair of Beasts)
 18891 | Lair:3   | Offered knowledge of Spellforged Servitor by Vehumet.
 18911 | Lair:3   | Learned a level 7 spell: Spellforged Servitor
 19221 | Lair:3   | Upgraded the game from 0.22-a0-587-g7d32d7c to 0.22-a0-596-gfbd32a6
 19495 | Lair:4   | Reached skill level 1 in Summonings
 19804 | Lair:4   | Found a hole to the Spider Nest.
 19855 | Lair:4   | Found a staircase to the Shoals.
 20196 | Lair:5   | Found a staircase to the Slime Pits.
 20574 | Lair:5   | Reached skill level 14 in Spellcasting
 20817 | Lair:5   | Reached XP level 14. HP: 70/70 MP: 2/33
 21160 | Lair:5   | Reached skill level 10 in Fire Magic
 21726 | Lair:6   | Entered Level 6 of the Lair of Beasts
 21756 | Lair:6   | Noticed Nessos
 21987 | Lair:6   | Offered knowledge of Orb of Destruction by Vehumet.
 22062 | Lair:5   | HP: 3/70 [poisoned by a spiny frog]
 22922 | Lair:6   | HP: 2/72 [oklob plant/splash of acid (6)]
 22922 | Lair:6   | Splashed by an oklob plant's acid

Vault maps used:
D:1:      lemuel_arrival_hallway
D:2:      grunt_dithmenos_smoke_and_mirrors
D:4:      first_ration
D:5:      temple_statues, uniq_grinder
D:6:      cheibrodos_fertilizer, serial_curves, eino_curves_03, eino_curves_03,
          uniq_menkaure
D:8:      lemuel_doored_altar, nicolae_overflow_crystal_walls, serial_shops,
          shop, uniq_pikel, uniq_joseph
D:9:      lemuel_round_altar, marbit_many_paths, kennysheep_mini_moat,
          the_bakery, mrwooster_statue_mirror, palyth_stone_intersect,
          nemelex_diamond_rough_becter, uniq_erolcha
D:10:     uniq_erica
D:11:     minmay_lair_entry_lava, special_room, kennysheep_windowed_goal
Temple:   eino_temple_rhombus
Lair:1:   lab_entry_generic, portal_ice_cave_demonic_guard, serial_bayou_pond_b,
          cheibrodos_lair_reptile_den, grunt_megastairs_4
Lair:2:   lemuel_oklob_altar, uniq_harold
Lair:3:   pond_and_an_island_with_a_cottage, eino_small_chamber_without_monster,
          infiniplex_staircase_pool
Lair:4:   minmay_shoals_entry_beasts, nicolae_spider_entry_orb_guardian,
          grunt_megastairs_5, serial_bayou_shore_b, minmay_lair_oklob_chamber
Lair:5:   slime_dummy
Lair:6:   wormcave, guppyfry_lair_end_dragon, uniq_nessos, uniq_kirke
Lab:      nicolae_lab_dead_adventurers, nicolae_lab_quarters
IceCv:    ice_cave_tombish

Skill      XL: |  1  2  3  4  5  6  7  8  9 10 11 12 13 14 |
---------------+-------------------------------------------+-----
Spellcasting   | 3 4 6 7 9 10 11 12 14 | 14.8
Conjurations   | 1 2 3 4 5 6 7 8 9 |  9.6
Stealth        | 4 5 6 9 |  9.9
Dodging        | 4 5 7 10 | 10.0
Fire Magic     | 3 4 5 6 7 8 9 10 | 10.2
Fighting       | 2 3 5 6 7 |  7.1
Evocations     | 5 |  5.9
Short Blades   | 3 |  3.8
Summonings     | 3 4 |  4.0

Action                   |  1- 3 |  4- 6 |  7- 9 | 10-12 | 13-15 || total
-------------------------+-------+-------+-------+-------+-------++-------
Melee: Hand axe          |     6 |    22 |       |       |       ||    28
       Dagger            |     1 |       |       |       |       ||     1
       Trident           |       |     3 |    22 |    93 |       ||   118
       Pair of quick bla |       |       |       |     4 |    60 ||    64
 Cast: Flame Tongue      |    62 |   144 |   201 |   416 |   269 ||  1092
       Throw Flame       |       |     5 |   102 |    69 |    64 ||   240
       Sticky Flame      |       |       |    20 |    55 |    75 ||   150
       Conjure Flame     |       |       |     8 |    14 |    13 ||    35
       Fireball          |       |       |     3 |    27 |    40 ||    70
       Iskenderun's Myst |       |       |       |    25 |       ||    25
       Inner Flame       |       |       |       |     1 |       ||     1
       Bolt of Magma     |       |       |       |     3 |     4 ||     7
Evoke: Wand              |       |       |     2 |    17 |       ||    19
       Phial of floods   |       |       |       |     1 |       ||     1
  Use: Scroll            |       |    17 |    12 |    13 |     3 ||    45
       Potion            |       |       |       |     1 |     1 ||     2
 Stab: Sleeping          |     1 |       |     1 |       |     2 ||     4
  Eat: Ration            |       |       |     4 |     7 |     4 ||    15
Armor: Robe              |     3 |    10 |    12 |    23 |    11 ||    59
Dodge: Dodged            |    18 |    45 |    94 |   194 |   163 ||   514

Table legend:
 A = Spawn XP
 B = Non-spawn XP
 C = Spawn XP percentage of total XP
 D = Spawn monster count
 E = Non-spawn monster count
 F = Spawn count percentage of total count
 G = Total turns spent on level
                    A         B        C        D         E        F      G
               +---------+---------+-------+---------+---------+-------+---------
         Total |       0 |   79618 |   0.0 |       0 |     502 |   0.0 | 22922
               +---------+---------+-------+---------+---------+-------+---------
           D:1 |       0 |      59 |   0.0 |       0 |      24 |   0.0 |  1268
           D:2 |       0 |     203 |   0.0 |       0 |      25 |   0.0 |   933
           D:3 |       0 |     161 |   0.0 |       0 |      24 |   0.0 |   765
           D:4 |       0 |     302 |   0.0 |       0 |      21 |   0.0 |   869
           D:5 |       0 |    2196 |   0.0 |       0 |      30 |   0.0 |  2410
           D:6 |       0 |    1513 |   0.0 |       0 |      38 |   0.0 |  1225
           D:7 |       0 |     632 |   0.0 |       0 |      21 |   0.0 |  1229
           D:8 |       0 |    2221 |   0.0 |       0 |      24 |   0.0 |  1069
           D:9 |       0 |    3317 |   0.0 |       0 |      21 |   0.0 |  1222
          D:10 |       0 |    8700 |   0.0 |       0 |      32 |   0.0 |  1318
          D:11 |       0 |    7572 |   0.0 |       0 |      59 |   0.0 |  1609
        Lair:1 |       0 |    7636 |   0.0 |       0 |      36 |   0.0 |  1395
        Lair:2 |       0 |    6786 |   0.0 |       0 |      21 |   0.0 |   927
        Lair:3 |       0 |    6087 |   0.0 |       0 |      25 |   0.0 |  1439
        Lair:4 |       0 |    5901 |   0.0 |       0 |      20 |   0.0 |   921
        Lair:5 |       0 |   11830 |   0.0 |       0 |      36 |   0.0 |  2152
        Lair:6 |       0 |    8904 |   0.0 |       0 |      24 |   0.0 |   459
           Lab |       0 |    1239 |   0.0 |       0 |       1 |   0.0 |   382
         IceCv |       0 |    4359 |   0.0 |       0 |      20 |   0.0 |  1274
               +---------+---------+-------+---------+---------+-------+---------
